 Dungeon Crawl Stone Soup version 0.13-a0-1762-gc06daff (webtiles) character file.

611 Sabsy the Nimble (level 6, -2/50 HPs)
             Began as a Minotaur Monk on June 23, 2013.
             Was a Plaything of Xom.
             Splashed by a jelly's acid (11 damage)
             ... on Level 5 of the Dungeon.
             The game lasted 00:16:20 (3647 turns).

Sabsy the Nimble (Minotaur Monk)                    Turns: 3647, Time: 00:16:20

HP  -2/50        AC  2     Str 17      XL: 6   Next: 53%
MP   2/2         EV 16     Int  8      God: Xom
Gold 214         SH  0     Dex 13      Spells:  0 memorised,  5 levels left

Res.Fire  : . . .   See Invis. : .     - Unarmed
Res.Cold  : . . .   Warding    : .   a - +0 robe (curse)
Life Prot.: . . .   Conserve   : .   (no shield)
Res.Poison: .       Res.Corr.  : .   (helmet restricted)
Res.Elec. : .       Clarity    : .   (no cloak)
Sust.Abil.: . .     Spirit.Shd : .   c - -1 pair of gloves
Res.Mut.  : .       Stasis     : .   (no boots)
Res.Rott. : .       Flight     : .   (no amulet)
Saprovore : . . .                    k - ring of sustenance
                                     g - cursed ring of protection from magic

@: somewhat resistant to hostile enchantments, unstealthy
A: retaliatory headbutt, hooves 1, horns 2, Int +1
a: Renounce Religion


You were on level 5 of the Dungeon.
You worshipped Xom.
You were a toy of Xom.
You were not hungry.

You visited 2 branches of the dungeon, and saw 6 of its levels.

You collected 214 gold pieces.

Inventory:

Armour
 a - a cursed +0 robe (worn)
 c - a -1 pair of gloves (worn)
Comestibles
 b - 7 bread rations
 f - a meat ration
 j - 2 pears
 r - a slice of pizza
Scrolls
 d - a scroll of noise
 e - a scroll of magic mapping
 l - a scroll of enchant armour {unknown}
 m - a scroll of blinking
 n - 2 scrolls of identify
 o - a scroll of remove curse {unknown}
Jewellery
 g - a cursed ring of protection from magic (left hand)
 i - an uncursed ring of sustain abilities
 k - a ring of sustenance (right hand)
 v - an uncursed ring of protection from cold
Potions
 p - a potion of porridge
 s - 2 potions of curing
 t - a potion of brilliance
 w - a potion of restore abilities
Books
 h - a book of Fire

   Spells                             Type                      Level
   Fire Brand                         Charms/Fire                  2
   Ignite Poison                      Fire/Transmutation           5
   Fireball                           Conjuration/Fire             5
   Bolt of Fire                       Conjuration/Fire             6
   Delayed Fireball                   Conjuration/Fire             7
   Ring of Flames                     Charms/Fire                  7
   Dragon Form                        Fire/Transmutation           7


   Skills:
 - Level 3.6 Fighting
 * Level 8.0 Dodging
 - Level 1.5 Stealth
 - Level 4.6 Unarmed Combat


You had 5 spell levels left.
You didn't know any spells.

Dungeon Overview and Level Annotations

Branches:
Dungeon (5/27)             Temple (1/1) D:4

Altars:
Ashenzari
Cheibriados
Elyvilon
Fedhas
Kikubaaqudgha
Makhleb
Nemelex Xobeh
Okawaru
Sif Muna
Trog
Vehumet
Xom
Yredelemnul
Zin
the Shining One

Annotations
D:4 Bastard's ghost, average NaEn


Innate Abilities, Weirdness & Mutations

You reflexively headbutt those who attack you in melee.
You have a pair of horns on your head.
You have large cloven feet.
Your mind is acute (Int +1).


Message History

You hit the worker ant zombie. You kick the worker ant zombie.
The worker ant zombie bites you.
You hit the worker ant zombie. You kick the worker ant zombie.
You destroy the worker ant zombie!
Your Dodging skill increases to level 8!
Found a bread ration.
You now have 214 gold pieces (gained 10).
A jelly and a kobold come into view.
The jelly quivers.
The kobold shouts!
The jelly hits you.
You are splashed with acid!
The acid corrodes your -1 pair of gloves!
The acid burns!
The kobold throws a dart.
The dart hits you!
* * * LOW HITPOINT WARNING * * *
You see here a dart.
The jelly hits you.
* * * LOW HITPOINT WARNING * * *
You are splashed with acid!
The acid burns!
You die...
Xom laughs nastily!

..##..(....#
............#
....#.......#
............#
.....#.......###
.#..........##
#.............
##.#.###(##.###.
#.......@J..#
#.#####...#.#
#...# .. #...#
.# #.K## # ....
.### ..


You could see a jelly and a kobold.

Vanquished Creatures
  3 orc priests (D:5)
  2 worker ants (D:4)
  3 orc wizards (D:3)
  A worker ant zombie (D:5)
  7 adders
  6 worms
  7 orcs
  A ball python (D:4)
  4 giant cockroaches
  7 hobgoblins
  A quokka (D:2)
  9 bats
  2 giant geckos
  5 giant newts
  5 goblins
  3 kobolds
  8 rats
74 creatures vanquished.

Vanquished Creatures (others)
  2 orcs (D:3)
  A rat (D:4)
3 creatures vanquished.

Grand Total: 77 creatures vanquished

Notes
Turn   | Place    | Note
--------------------------------------------------------------
     0 | D:1      | Sabsy, the Minotaur Monk, began the quest for the Orb.
     0 | D:1      | Reached XP level 1. HP: 17/17 MP: 0/0
   404 | D:2      | Reached XP level 2. HP: 24/24 MP: 0/0
   433 | D:2      | Paralysed by a potion of paralysis for 3 turns
   545 | D:2      | Reached XP level 3. HP: 23/30 MP: 1/1
   922 | D:3      | Reached skill level 5 in Dodging
   932 | D:3      | Reached XP level 4. HP: 20/37 MP: 1/1
  1053 | D:3      | Found a blossoming altar of Fedhas.
  2042 | D:3      | Found a blossoming altar of Fedhas.
  2066 | D:3      | Reached skill level 6 in Dodging
  2066 | D:3      | Reached XP level 5. HP: 30/44 MP: 1/1
  2474 | D:4      | Found a staircase to the Ecumenical Temple.
  2614 | D:4      | Reached skill level 7 in Dodging
  2696 | Temple   | Entered the Ecumenical Temple
  2713 | Temple   | Became a worshipper of Xom of Chaos
  2976 | D:4      | Gained mutation: You have large cloven feet. [potion of mutation]
  2976 | D:4      | Gained mutation: Your mind is acute (Int +1). [potion of mutation]
  3175 | D:4      | Reached XP level 6. HP: 50/50 MP: 2/2
  3199 | D:4      | Noticed Bastard's ghost (average NaEn)
  3446 | D:5      | Entered Level 5 of the Dungeon
  3619 | D:5      | XOM: harmless Summ miscast
  3638 | D:5      | Reached skill level 8 in Dodging
  3647 | D:5      | Splashed by a jelly's acid

Action                   |  1- 3 |  4- 6 || total
-------------------------+-------+-------++-------
Melee: Unarmed           |    84 |   139 ||   223
  Use: Potion            |     5 |     2 ||     7
       Scroll            |       |    17 ||    17
 Stab: Sleeping          |     2 |     2 ||     4
